Map: Inside and Out

Players

DPGJieShi (Jieshi) - Winner!

  • Race: Protoss Protoss
  • Spawn Location: 1:00

Epic

  • Race: Terran Terran
  • Spawn Location: 7:00

Event: DreamHack SC2 Masters 2022 Atlanta (Offline)

VOD

Have the link to the VOD?

Description

Time

  • Played on: Nov. 18, 2022, 10:02 a.m.
  • Length: 9:54

All games in this series

Show
View Real Time Build Order
Export as new Build Order

DPGJieShi Protoss - Winner!

Build Orders: 1 Gate Expand, Blink Stalkers, Zealot Archon, Dark Templar Rush 

Get SALT Encoding   

  12  0:00  Probe  
  13  0:12  Probe  
  14  0:17  Pylon  
  14  0:25  Probe (Chrono Boost)  
  15  0:36  Gateway  
  15  0:37  Probe (Chrono Boost)  
  16  0:44  Probe (Chrono Boost)  
  16  0:45  Assimilator  
  17  0:51  Probe  
  18  1:03  Probe  
  19  1:15  Probe  
  20  1:23  Cybernetics Core  
  20  1:27  Probe  
  20  1:31  Pylon  
  23  1:40  Probe  
  23  1:43  Nexus  
  22  1:47  Assimilator  
  22  1:52  Probe  
  23  1:57  Adept (Chrono Boost)  
  23  2:00  Warp Gate  
  25  2:04  Probe  
  26  2:16  Probe  
  26  2:18  Twilight Council  
  27  2:27  Stalker  
  27  2:29  Probe  
  30  2:38  Pylon  
  30  2:41  Probe  
  31  2:55  Probe x2 (Chrono Boost)  
  33  2:59  Dark Shrine  
  35  3:07  Probe x2 (Chrono Boost)  
  35  3:10  Gateway  
  35  3:12  Probe x2 (Chrono Boost)  
  37  3:20  Gateway  
  37  3:21  Probe  
  37  3:25  Probe  
  39  3:33  Probe  
  40  3:38  Blink (Chrono Boost)  
  40  3:42  Probe, Pylon  
  40  3:45  Probe  
  40  3:46  Assimilator  
  42  3:48  Assimilator  
  43  3:56  Probe (Chrono Boost)  
  43  3:57  Probe (Chrono Boost), Pylon  
  43  4:02  Shield Battery  
  44  4:09  Probe (Chrono Boost)  
  46  4:11  Dark Templar  
  46  4:12  Dark Templar, Probe (Chrono Boost)  
  46  4:14  Probe (Chrono Boost)  
  51  4:19  Probe  
  51  4:21  Dark Templar  
  54  4:26  Probe  
  54  4:27  Pylon  
  54  4:31  Probe  
  52  4:38  Probe  
  52  4:43  Probe  
  52  4:44  Dark Templar  
  56  4:46  Stalker  
  56  4:51  Probe  
  58  4:55  Probe  
  58  4:56  Dark Templar  
  57  5:16  Nexus  
  57  5:20  Robotics Facility  
  55  5:23  Stalker  
  55  5:24  Stalker  
  59  5:30  Probe x2  
  59  5:33  Pylon  
  59  5:34  Stalker  
  63  5:42  Probe x2  
  65  5:45  Archon  
  65  5:47  Stalker  
  65  5:49  Stalker  
  69  5:52  Pylon  
  69  5:54  Pylon  
  65  6:03  Charge (Chrono Boost)  
  65  6:11  Probe x2  
  65  6:13  Observer (Chrono Boost), Robotics Bay  
  65  6:17  Gateway  
  68  6:18  Gateway  
  68  6:20  Gateway  
  68  6:23  Probe  
  68  6:24  Probe  
  70  6:27  Shield Battery, Probe  
  70  6:29  Observer (Chrono Boost)  
  72  6:34  Stalker x2  
  72  6:38  Stalker  
  78  6:43  Forge  
  77  6:57  Colossus (Chrono Boost)  
  82  7:01  Extended Thermal Lance  
  82  7:02  Gateway  
  82  7:03  Probe x2, Gateway  
  84  7:17  Sentry  
  84  7:18  Zealot x3, Stalker x2  
  95  7:31  Observer  
  95  7:35  Probe  
  95  7:36  Pylon  
  95  7:37  Colossus (Chrono Boost)  
  96  7:38  Zealot  
  96  7:40  Zealot x2  
  96  7:41  Observer  
  96  7:43  Protoss Ground Weapons Level 1 (Chrono Boost)  
  108  7:45  Pylon  
  108  7:46  Photon Cannon  
  108  7:47  Pylon  
  108  7:48  Shield Battery  
  108  7:58  Dark Templar  
  110  8:00  Zealot  
  110  8:01  Zealot x2  
  116  8:07  Pylon  
  116  8:08  Photon Cannon  
  116  8:10  Pylon  
  116  8:11  Zealot x2  
  116  8:12  Zealot x2  
  124  8:16  Colossus (Chrono Boost)  
  130  8:27  Nexus  
  130  8:31  Dark Templar  
  130  8:32  Zealot  
  134  8:41  Zealot x3, Dark Templar  
  136  8:44  Zealot x2  
  145  8:51  Archon  
  145  8:52  Dark Templar  
  147  9:01  Zealot  
  147  9:02  Zealot x2  
  137  9:07  Warp Prism  
  137  9:09  Zealot x3  
  131  9:14  Probe x2  
  131  9:15  Probe  
  134  9:21  Zealot x2  
  134  9:22  Zealot x2  
  131  9:46  Zealot x2  
  131  9:47  Zealot x6  
Show
View Real Time Build Order
Export as new Build Order

Epic Terran 

Build Orders:  

Get SALT Encoding   

  12  0:00  SCV  
  13  0:12  SCV  
  14  0:16  Supply Depot  
  14  0:24  SCV  
  15  0:38  SCV  
  15  0:39  Barracks  
  16  0:42  Refinery  
  16  0:50  SCV  
  17  1:02  SCV  
  18  1:14  SCV  
  19  1:26  Marine  
  19  1:27  Orbital Command  
  20  1:41  Command Center  
  20  1:45  Barracks Reactor  
  20  1:52  SCV  
  21  1:58  Supply Depot  
  21  2:04  SCV  
  21  2:08  Factory  
  22  2:16  SCV  
  22  2:21  Marine x2  
  25  2:25  Refinery  
  25  2:28  SCV  
  26  2:39  Marine x2  
  26  2:41  SCV  
  29  2:52  Widow Mine  
  29  2:53  SCV, Starport  
  29  2:56  Orbital Command  
  32  3:00  Marine  
  32  3:01  Marine  
  32  3:05  SCV  
  35  3:13  Factory Tech Lab  
  35  3:17  SCV  
  35  3:19  Marine  
  36  3:20  Supply Depot, Marine  
  36  3:23  SCV  
  39  3:32  Cyclone, Medivac  
  44  3:36  SCV x2  
  44  3:40  Marine x2  
  46  3:51  Barracks  
  46  3:57  SCV  
  46  3:58  Marine x2  
  46  4:02  SCV  
  49  4:09  SCV  
  50  4:10  Barracks  
  50  4:12  Factory Tech Lab, Raven  
  50  4:14  SCV  
  53  4:18  Supply Depot  
  53  4:21  SCV  
  54  4:25  Refinery  
  54  4:27  Marine x2  
  54  4:30  SCV  
  54  4:37  SCV  
  53  4:41  Marine  
  53  4:42  SCV  
  52  4:45  Marine x2  
  52  4:52  SCV  
  50  4:54  SCV  
  50  4:55  Siege Tank  
  51  5:06  SCV x2  
  47  5:12  Barracks Tech Lab  
  47  5:14  Engineering Bay  
  47  5:18  Stimpack, Starport Reactor  
  47  5:19  SCV  
  46  5:21  SCV  
  47  5:28  Supply Depot  
  47  5:31  Siege Tank  
  47  5:34  SCV  
  52  5:35  SCV  
  52  5:44  Terran Infantry Weapons Level 1  
  52  5:45  Marauder  
  54  5:50  SCV x2, Marauder  
  54  5:53  Supply Depot  
  58  5:58  Marine  
  58  5:59  Marine  
  58  6:03  Refinery  
  59  6:08  SCV x2  
  61  6:14  Medivac x2  
  65  6:18  Marine  
  65  6:19  Marine  
  65  6:20  Supply Depot  
  65  6:21  Supply Depot, SCV x2  
  69  6:26  Combat Shield  
  69  6:36  Supply Depot, SCV  
  70  6:42  SCV, Marauder x2  
  75  6:47  Siege Tank  
  75  6:48  Marine x2  
  75  6:49  SCV  
  75  6:54  Supply Depot, SCV  
  82  6:56  Medivac  
  82  6:58  Concussive Shells  
  84  7:07  Reaper  
  81  7:17  Marauder x2  
  81  7:21  Marine  
  81  7:22  Command Center, Siege Tank  
  89  7:28  Supply Depot  
  88  7:31  SCV x2  
  88  7:35  Medivac  
  92  7:37  Marine  
  92  7:39  Medivac  
  92  7:42  Marine x2  
  96  7:50  SCV  
  96  7:51  SCV, Barracks x2  
  98  7:54  Terran Infantry Armor Level 1  
  98  7:59  Marauder  
  98  8:00  Marauder  
  98  8:04  SCV x2  
  104  8:08  Marine x2  
  104  8:10  Factory Reactor  
  106  8:16  SCV x2  
  106  8:18  Supply Depot  
  106  8:19  Supply Depot, Medivac  
  109  8:33  Marauder  
  110  8:37  Medivac  
  110  8:39  Marine x2  
  110  8:40  Marauder  
  113  8:47  Missile Turret  
  109  8:50  Widow Mine x2  
  115  8:55  Barracks Reactor, Marauder  
  115  8:56  Barracks Tech Lab  
  100  9:03  Marine x2  
  100  9:04  Marauder  
  100  9:06  SCV x2  
  82  9:11  Widow Mine  
  82  9:12  Medivac  
  72  9:17  Marauder  
  72  9:21  Widow Mine, Marine  
  69  9:25  Marauder  
  69  9:33  Marauder  
  69  9:35  Marine x2  
Tags
 
Add a new tag
Caveats
  • Supply blocks, unpowered buildings, or Contaminate may cause inaccurate times.
  • Supply counts are checked every 10 seconds.